AoeStats
← Martin

Arabia

504856259Analyzed
2v2 RM · 26d ago on Sep 6, 2026· 57m 4s· 4 players
Game mode
Random Map
Map size
Medium (4 player)
Population
200
Speed
Normal
Resources
Standard
Victory
Conquest
Starting age
Dark Age
Ending age
Imperial Age
RankedLock teamsTeams togetherTeam positionsShared explorationLock speedFull tech treeHidden civsTurbo modeCheats
Victory
Defeat
🇫🇮 Mongols · Finland
701
+16
🇵🇱 Poles · Poland
670
+17
🇨🇱 Teutons · Chile
751
-42
🇨🇱 Chinese · Chile
658
-15
Mecenas Kaszewiak
5:07 Loom
11:24 Feudal Age
14:11 Bloodlines
14:23 Double-Bit Axe
15:43 Horse Collar
17:47 Stone Mining
18:17 Scale Barding Armor
18:23 Forging
24:44 Castle Age
22:56 Fletching
23:06 Padded Archer Armor
26:11 Husbandry
25:32 Light Cavalry
27:07 Bow Saw
27:46 Wheelbarrow
27:14 Heavy Plow
30:12 Hand Cart
29:54 Gold Mining
30:40 Stone Shaft Mining
30:34 Bodkin Arrow
30:54 Leather Archer Armor
31:08 Squires
31:18 Treadmill Crane
32:16 Ballistics
31:55 Murder Holes
33:35 Scale Mail Armor
35:53 Arson
37:52 Town Watch
37:59 Town Watch
37:50 Crossbowman
39:00 Town Patrol
40:01 Iron Casting
39:49 Chain Mail Armor
41:46 Thumb Ring
42:00 Leather Archer Armor
44:59 Imperial Age
43:39 Szlachta Privileges
44:03 Chain Barding Armor
43:27 Elite Skirmisher
46:15 Siege Engineers
46:37 Conscription
45:51 Elite Obuch
46:21 Winged Hussar
48:20 Crop Rotation
47:20 Cavalier
49:06 Blast Furnace
48:15 Bracer
49:08 Plate Mail Armor
54:18 Lechitic Legacy
57:46 Chemistry
56:33 Arrowslits
Sir Burnalot of Homes
0:58 Loom
10:05 Feudal Age
10:32 Double-Bit Axe
10:30 Horse Collar
14:06 Wheelbarrow
14:53 Wheelbarrow
19:04 Castle Age
18:55 Town Watch
20:20 Pikeman
21:00 Fletching
22:48 Squires
22:35 Arson
23:49 Husbandry
24:00 Bloodlines
25:37 Scale Mail Armor
25:33 Bodkin Arrow
27:16 Stone Mining
28:21 Heavy Plow
28:42 Chain Mail Armor
30:34 Hand Cart
32:51 Forging
37:55 Imperial Age
36:40 Man-at-Arms
38:46 Bow Saw
39:24 Conscription
40:22 Chemistry
39:19 Murder Holes
39:37 Masonry
40:22 Gold Mining
41:43 Bracer
42:32 Ballistics
43:00 Fortified Wall
42:20 Elite Mangudai
42:32 Sappers
44:20 Siege Engineers
43:43 Capped Ram
43:44 Onager
47:47 Plate Mail Armor
46:46 Long Swordsman
48:18 Drill
48:36 Hoardings
49:15 Drill
48:44 Two-Handed Swordsman
50:30 Hoardings
49:25 Siege Ram
57:41 Nomads
Martin
10:42 Feudal Age
11:05 Horse Collar
11:15 Double-Bit Axe
13:46 Gold Mining
17:07 Arson
17:15 Arson
21:33 Stone Mining
22:11 Town Watch
23:01 Wheelbarrow
24:49 Castle Age
23:57 Bloodlines
25:53 Bow Saw
25:32 Horse Collar
33:44 Heavy Plow
36:06 Forging
36:01 Scale Barding Armor
37:50 Iron Casting
38:01 Stone Shaft Mining
41:43 Ironclad
42:02 Wheelbarrow
41:14 Town Watch
41:35 Caravan
44:50 Hand Cart
44:37 Town Patrol
49:59 Imperial Age
49:41 Chain Barding Armor
49:09 Gambesons
49:24 Squires
50:03 Cavalier
56:19 Chemistry
Garek
0:34 Loom
10:47 Feudal Age
11:12 Double-Bit Axe
11:56 Town Watch
12:11 Horse Collar
18:48 Fletching
21:09 Wheelbarrow
22:38 Scale Barding Armor
23:00 Padded Archer Armor
27:19 Castle Age
27:26 Crossbowman
29:01 Leather Archer Armor
30:11 Hand Cart
30:52 Thumb Ring
31:20 Gold Mining
31:38 Town Patrol
33:06 Gold Shaft Mining
32:40 Squires
32:25 Arson
39:27 Imperial Age
38:32 Caravan
38:46 Bodkin Arrow
43:49 Great Wall
45:45 Chemistry
45:06 Ballistics
44:43 Murder Holes
48:11 Bow Saw
48:43 Bracer
49:14 Ring Archer Armor
55:20 Two-Man Saw
54:04 Arbalester
55:18 Elite Chu Ko Nu
56:29 Arrowslits
Connection lost

Rejoining the realm…

Still unreachable

The connection could not be restored.

Session expired

The server has moved on; the page needs a fresh start.